 Dungeon Crawl Stone Soup version 0.17-a0-2215-g49c1de0 (webtiles) character file.

104 septik the Sneak (level 4, -1/21 HPs)
             Began as a Spriggan Enchanter on Oct 27, 2015.
             Slain by a worm (8 damage)
             ... on level 3 of the Dungeon.
             The game lasted 00:12:59 (2062 turns).

septik the Sneak (Spriggan Enchanter)               Turns: 2062, Time: 00:12:59

Health: -1/21      AC:  3    Str:  4    XL:     4   Next: 52%
Magic:  10/10      EV: 18    Int: 16    God:
Gold:   107        SH:  0    Dex: 17    Spells: 3 memorised, 5 levels left

rFire  . . .     SeeInvis +     a - +1 dagger
rCold  . . .     Clarity  .     b - +1 robe
rNeg   . . .     SustAt   .     (shield restricted)
rPois  .         Gourm    .     (helmet restricted)
rElec  .         Spirit   .     (no cloak)
rCorr  .         Warding  .     (gloves unavailable)
rMut   .         Stasis   .     (boots unavailable)
MR     .....                    (no amulet)
Stlth  +++.......               (no ring)
                                (no ring)

@: very quick, not resistant to hostile enchantments, fairly stealthy
A: unfitting armour, see invisible, herbivore 3, speed 3, slow metabolism 2
a: no special abilities


You were on level 3 of the Dungeon.
You were not hungry.

You visited 1 branch of the dungeon, and saw 3 of its levels.

You collected 107 gold pieces.

Inventory:

Hand Weapons
 a - a +1 dagger (weapon)
 o - a +0 short sword
Armour
 b - a +1 robe (worn)
Scrolls
 f - 2 scrolls of remove curse {unknown}
 h - 4 scrolls of recharging {unknown}
 i - 3 scrolls of identify {unknown}
 j - a scroll of fear {unknown}
 l - a scroll of amnesia {unknown}
Potions
 e - a potion of heal wounds {unknown}
 g - a potion of brilliance {unknown}
 k - 2 potions of agility {unknown}
Books
 c - a book of Maledictions

   Spells                             Type                      Level
   a - Corona                         Hexes                        1
   b - Ensorcelled Hibernation        Hexes/Ice                    2
   c - Confuse                        Hexes                        3
   d - Tukima's Dance                 Hexes                        3
   e - Dazzling Spray                 Conjuration/Hexes            3
 n - a book of Spatial Translocations

   Spells                             Type                      Level
   a - Apportation                    Translocation                1
   b - Blink                          Translocation                2
   c - Shroud of Golubria             Charms/Translocation         2
   d - Portal Projectile              Translocation                3
   e - Teleport Other                 Translocation                3
   f - Passage of Golubria            Translocation                4
Comestibles
 d - 3 bread rations
 m - a royal jelly


   Skills:
 - Level 2.5 Short Blades
 - Level 3.0 Dodging
 + Level 5.4 Stealth
 - Level 3.5 Spellcasting
 - Level 4.7 Hexes
 - Level 0.4 Translocations


You had 5 spell levels left.
You knew the following spells:

 Your Spells              Type           Power        Failure   Level  Hunger
a - Corona                Hex            ###....      2%          1    None
b - Ensorcelled Hibernat  Hex/Ice        ##....       12%         2    ##.....
c - Blink                 Tloc           N/A          24%         2    ##.....


Dungeon Overview and Level Annotations

Branches:
Dungeon (3/15)

Altars:


Innate Abilities, Weirdness & Mutations

You are tiny and cannot use many weapons and most armour.
You have supernaturally acute eyesight.
You are a herbivore.
You cover ground extremely quickly.
You need consume almost no food.


Message History

You completely miss the worm. You hit the worm.
The worm is lightly wounded.
The worm bites you.
You hit the worm.
The worm is moderately wounded.
You hit the worm.
The worm is heavily wounded.
The worm barely misses you.
You hit the worm but do no damage.
The worm is moderately wounded.
You hit the worm but do no damage.
The worm is moderately wounded.
The worm misses you.
You hit the worm but do no damage.
The worm is moderately wounded.
You hit the worm.
The worm is heavily wounded.
The worm bites you!
You die...

#.#######..#.####.##.#
#.# #..#.#....##.# #.#
#####.#.#..##.#
#.######.....#.#.....#
#..............#.#####
#........#######.#
#...........# #.#
#.......###.# #.#
#.......# # #@#
#.......# #w..#
#.......# #.###
######### ..# ###


You could see a worm.

Vanquished Creatures
  5 adders (D:2)
  A worm (D:2)
  3 giant geckos (D:1)
  4 giant cockroaches
  6 hobgoblins
  4 jackals (D:3)
  7 kobolds
  4 quokkas (D:2)
  A ball python (D:1)
  5 bats
  A giant newt (D:2)
  8 goblins
  6 rats
55 creatures vanquished.

Notes
Turn   | Place    | Note
--------------------------------------------------------------
     0 | D:1      | septik the Spriggan Enchanter began the quest for the Orb.
     0 | D:1      | Reached XP level 1. HP: 9/9 MP: 5/5
   320 | D:1      | Reached XP level 2. HP: 13/13 MP: 6/6
   338 | D:1      | Learned a level 2 spell: Ensorcelled Hibernation
  1033 | D:2      | Reached skill level 5 in Stealth
  1033 | D:2      | Reached XP level 3. HP: 16/16 MP: 8/8
  1572 | D:2      | Reached XP level 4. HP: 19/21 MP: 9/9
  1831 | D:3      | Learned a level 2 spell: Blink
  2062 | D:3      | Slain by a worm

Vault maps used:
D:1:      lightli_iron_boxes
D:3:      first_bread, kennysheep_generic_room_5

Action                   |  1- 3 |  4- 6 || total
-------------------------+-------+-------++-------
Melee: Dagger            |   104 |    51 ||   155
 Cast: Ensorcelled Hiber |    16 |     9 ||    25
       Corona            |     1 |       ||     1
 Stab: Sleeping          |    20 |    11 ||    31
